 Dungeon Crawl Stone Soup version 0.31-a0-358-gac0dbeb3ab (webtiles) character file.

Game seed: 6610217694038825499

357 hashsling the Slasher (level 6, -11/49 HPs)
             Began as a Human Gladiator on July 25, 2023.
             Splashed by a jelly's acid (12 damage)
             ... on level 4 of the Dungeon.
             The game lasted 00:06:23 (2532 turns).

hashsling the Slasher (Human Gladiator)             Turns: 2532, Time: 00:06:23

Health: -11/49     AC: -16   Str: 14    XL:     6   Next: 96%
Magic:  6/6        EV: 13    Int:  8    God:
Gold:   114        SH:  0    Dex: 17    Spells: 5/5 levels left

rFire   . . .        a - +0 long sword
rCold   . . .        (no shield)
rNeg    . . .        b - +0 leather armour
rPois   .            c - +0 helmet
rElec   .            (no cloak)
rCorr   .            (no gloves)
SInv    .            (no boots)
Will    .....        n - amulet of the acrobat
Stlth   +            (no ring)
HPRegen 0.28/turn    (no ring)
MPRegen 0.10/turn

%: acrobat
@: corroded
A: no striking features
a: no special abilities


You were on level 4 of the Dungeon.
You visited 1 branch of the dungeon, and saw 4 of its levels.

You collected 114 gold pieces.

Inventory:

Hand Weapons
 a - a +0 long sword (weapon)
Missiles
 d - a throwing net
 e - a javelin
 q - 6 curare-tipped darts (quivered)
Armour
 b - a +0 leather armour (worn)
 c - a +0 helmet (worn)
Jewellery
 n - an amulet of the acrobat (around neck)
 r - an amulet of regeneration
Scrolls
 f - 4 scrolls of fog {unknown}
 h - a scroll of fear {unknown}
 i - 5 scrolls of identify {unknown}
 k - 3 scrolls of teleportation {unknown}
 m - a scroll of revelation {unknown}
 p - 2 scrolls of blinking {unknown}
Potions
 g - 2 potions of lignification {unknown}
 j - 2 potions of curing {unknown}
 l - a potion of ambrosia {unknown}
 o - 2 potions of enlightenment {unknown}


   Skills:
 * Level 4.6 Fighting
 + Level 5.7 Long Blades
 - Level 2.0 Throwing
 + Level 3.1 Dodging


You had 5 spell levels left.
You didn't know any spells.
Your spell library was empty.

Dungeon Overview and Level Annotations

Branches:
Dungeon (4/15)
 Temple: D:4-7

Altars:


Message History

The worm closely misses you.
You hit the worm.
The worm is heavily wounded.
You slash the worm!
You kill the worm!
No target in view!
k - 3 scrolls labelled POSI XYMIM (gained 1)
You see here a worm corpse.
Done exploring.
Done exploring.
(D) Dungeon
Where to? (Enter - D:3, ? - help)
What level of the Dungeon? (default 1, ? - help)
There is a stone staircase leading down here.
You climb downwards.
Found 8 gold pieces.
Found a stone staircase leading down.
There is a stone staircase leading up here.
A jelly and a dart slug come into view.
A hobgoblin comes into view.
The hobgoblin shouts!
You hit the jelly but do no damage. The acid corrodes you!
Your hands burn!
The jelly hits you. The acid corrodes you!
You are splashed with acid!
The hobgoblin completely misses you.
You hit the jelly but do no damage.
Your hands burn!
The jelly hits you. The acid corrodes you!
You are splashed with acid!
The hobgoblin completely misses you.
You are too injured to fight recklessly!
You hit the jelly but do no damage. The acid corrodes you!
Your hands burn!
The jelly misses you.
You hit the jelly but do no damage. The acid corrodes you!
Your hands burn!
* * * LOW HITPOINT WARNING * * *
The jelly hits you.
* * * LOW HITPOINT WARNING * * *
You are splashed with acid!
* * * LOW HITPOINT WARNING * * *
There is a stone staircase leading up here.
The jelly hits you.
* * * LOW HITPOINT WARNING * * *
You are splashed with acid!
You die...

.# .### ... #
##>. ..
#####.. ...
.....# ....
#.#.# .....
#@Jg##......
####w.......
#.............
######....$...
#........
#....####
.....# #....#
######


You could see a jelly, a dart slug and a hobgoblin.

Vanquished Creatures
  Sigmund (D:2)
  An orc priest (D:3)
  Natasha (D:2)
  An orc wizard (D:2)
  3 adders (D:3)
  A worm (D:3)
  A dart slug (D:1)
  5 orcs
  9 endoplasms
  2 giant cockroaches
  5 goblins
  4 hobgoblins
  5 jackals (D:1)
  6 kobolds
  3 quokkas
  8 ball pythons
  6 bats
  3 frilled lizards
  5 rats
70 creatures vanquished.

Notes
Turn   | Place    | Note
-------+----------+-------------------------------------------
     0 | D:1      | hashsling the Human Gladiator began the quest for the Orb.
     0 | D:1      | Reached XP level 1. HP: 16/16 MP: 1/1
    57 | D:1      | Reached XP level 2. HP: 21/22 MP: 2/2
   262 | D:1      | Reached skill level 4 in Long Blades
   262 | D:1      | Reached XP level 3. HP: 27/27 MP: 3/3
   643 | D:1      | Found a faded altar of an unknown god.
  1212 | D:2      | Reached XP level 4. HP: 20/34 MP: 4/4
  1479 | D:2      | Noticed Natasha
  1487 | D:2      | Killed Natasha
  1488 | D:2      | Reached skill level 5 in Long Blades
  1488 | D:2      | Reached XP level 5. HP: 38/40 MP: 5/5
  1535 | D:2      | Noticed Sigmund
  1552 | D:2      | Killed Sigmund
  1553 | D:2      | Reached XP level 6. HP: 31/49 MP: 6/6
  2532 | D:4      | HP: 1/49 [jelly (3)]
  2532 | D:4      | Splashed by a jelly's acid

Illustrated notes

Levels and vault maps discovered:
D:1:      amcnicky_arrival_flooded_fountain, layout_loops_ring,
          shapermc_ecumenical_altar_notcrosses, minmay_split_cup_large
D:2:      layout_loops_corners, uniq_natasha, uniq_sigmund
D:3:      layout_loops_ring
D:4:      layout_basic, mainiacjoe_overflow_alcove_1, serial_rivers,
          chequers_serial_rivers_large_a, chequers_serial_rivers_micro_b,
          chequers_serial_rivers_small_a, chequers_serial_rivers_large_b,
          chequers_serial_rivers_small_a

Skill      XL: |  1  2  3  4  5 |
---------------+----------------+-----
Long Blades    | 4 5 |  5.7
Fighting       | 4 |  4.6
Throwing       | |  2.0
Dodging        | |  3.1

Action                     |  1- 3 |  4- 6 || total
---------------------------+-------+-------++-------
  Melee: Long sword        |   110 |    97 ||   207
  Throw: Throwing net      |     1 |     2 ||     3
         Javelin           |       |     2 ||     2
         Dart              |       |     2 ||     2
   Stab: Sleeping          |     1 |     2 ||     3
         Held in net/web   |       |     1 ||     1
 Armour: Leather armour    |    44 |    24 ||    68
  Dodge: Dodged            |    96 |    48 ||   144

Table legend: (Time is in decaauts)
 A = Elapsed time spent in this place.
 B = Non-inter-level travel time spent in this place.
 C = Inter-level travel time spent in this place.
 D = Time resting spent in this place.
 E = Time spent auto-exploring this place.
 F = Levels seen in this place.
 G = Mean time per level.
                   A        B        C        D        E       F      G
               +--------+--------+--------+--------+--------+-----+--------+
         Total |   2578 |   2469 |    109 |      0 |   1987 |   4 |  644.5 |
       Dungeon |   2578 |   2469 |    109 |      0 |   1987 |   4 |  644.5 |
               +--------+--------+--------+--------+--------+-----+--------+

Top non-repeatable levels by time:
     D:2: 932 daAuts
     D:1: 918 daAuts
     D:3: 717 daAuts
     D:4: 11 daAuts
